 Dungeon Crawl Stone Soup version 0.25.1-8-g42b30a86e7 (webtiles) character file.

Game seed: 2724930207970961122

125332 Erymatos the Severer (level 16, -8/155 HPs)
             Began as a Minotaur Berserker on Dec 3, 2020.
             Was a High Priest of Trog.
             Shot with a bolt by a naga sharpshooter (25 damage)
             ... led by Vashnia
             ... on level 2 of the Snake Pit.
             The game lasted 00:51:33 (29464 turns).

Erymatos the Severer (Minotaur Berserker)          Turns: 29464, Time: 00:51:34

Health: -8/155     AC: 20    Str: 26    XL:     16   Next: 41%
Magic:  33/33      EV:  8    Int:  4    God:    Trog [*****.]
Gold:   1043       SH: 20    Dex: 13    Spells: 15/15 levels left

rFire    + + .     SeeInvis +   b - +3 broad axe (vorpal)
rCold    + + .     Gourm    .   y - +0 tower shield
rNeg     + + .     Faith    .   X - +0 plate armour "Lanno" {rF+ rC+ MP+9}
rPois    x         Spirit   .   (helmet restricted)
rElec    +         Reflect  .   Z - scarf {rC+ rF+}
rCorr    .         Harm     .   L - +0 pair of gloves
MR       .....                  d - +1 pair of boots {run}
Stlth    ..........             r - amulet of regeneration
HPRegen  0.75/turn              a - ring "Affoiqenu" {rElec rN++ MR- MP+9 SInv}
MPRegen  0.23/turn              (no ring)

@: about to teleport, poison vulnerable, constricted, quick
A: retaliatory headbutt, horns 2
a: Berserk, Trog's Hand, Brothers in Arms, Renounce Religion


You were on level 2 of the Snake Pit.
You worshipped Trog.
Trog was extremely pleased with you.
You were hungry.

You visited 4 branches of the dungeon, and saw 25 of its levels.
You also visited: Ice Cave.

You collected 2942 gold pieces.
You spent 1899 gold pieces at shops.

Inventory:

Hand Weapons
 b - a +3 vorpal broad axe (weapon)
 e - the +8 battleaxe "Egom" {vorpal, rPois Str+3 Int+5}
   (Trog gifted it to you on level 14 of the Dungeon)

   It inflicts extra damage upon your enemies.
   It affects your strength (+3).
   It affects your intelligence (+5).
   It protects you from poison.
Armour
 d - a +1 pair of boots of running (worn)
 v - a +0 cloak
 y - a +0 tower shield (worn)
 L - a +0 pair of gloves (worn)
 X - the +0 plate armour "Lanno" (worn) {rF+ rC+ MP+9}
   (You found it on level 6 of the Lair of Beasts)

   It protects you from fire.
   It protects you from cold.
   It affects your magic capacity (+9).
 Z - a scarf of resistance (worn)
Jewellery
 a - the ring "Affoiqenu" (left hand) {rElec rN++ MR- MP+9 SInv}
   (You bought it in a shop on level 2 of the Orcish Mines)

   [ring of see invisible]

   It insulates you from electricity.
   It greatly protects you from negative energy.
   It affects your resistance to hostile enchantments.
   It affects your magic capacity (+9).
   It lets you see invisible.
 o - an uncursed ring of protection from magic
 r - an amulet of regeneration (around neck)
 B - a +6 ring of strength
 O - the ring "Lobboim" {Fire rPois MR+ Stlth-}
   (You found it in an ice cave)

   [ring of fire]

   It enhances your fire magic.
   It protects you from fire.
   It makes you vulnerable to cold.
   It protects you from poison.
   It affects your resistance to hostile enchantments.
   It makes you less stealthy.
 V - an uncursed ring of protection from cold
 Y - the ring of Autumn {Ice rN++ Dex-4}
   (You found it in an ice cave)

   [ring of ice]

   It enhances your ice magic.
   It affects your dexterity (-4).
   It makes you vulnerable to fire.
   It protects you from cold.
   It greatly protects you from negative energy.
Wands
 x - a wand of paralysis (5)
 z - a wand of flame (33)
 C - a wand of enslavement (28)
 D - a wand of acid (17)
 J - a wand of random effects (51)
 K - a wand of iceblast (11)
 S - a wand of disintegration (17)
Scrolls
 i - 3 scrolls of magic mapping
 k - 4 scrolls of torment
 n - a scroll of vulnerability
 p - 2 scrolls of remove curse
 s - 4 scrolls of fear
 u - 5 scrolls of enchant armour
 E - 8 scrolls of teleportation
 F - a scroll of identify
 I - 3 scrolls of fog
 M - 5 scrolls of blinking
Potions
 f - 10 potions of heal wounds
 g - 9 potions of curing
 h - 6 potions of haste
 l - 6 potions of stabbing
 m - 2 potions of berserk rage {unknown}
 q - 2 potions of cancellation
 t - 2 potions of ambrosia
 w - 8 potions of might {unknown}
 G - a potion of mutation
 H - 3 potions of resistance
 N - 3 potions of lignification {unknown}
 P - 3 potions of flight {unknown}
Miscellaneous
 j - a tin of tremorstones (3/3)
Comestibles
 c - 51 rations


   Skills:
 + Level 17.2 Fighting
 + Level 19.9 Axes
 + Level 13.8 Armour
 + Level 10.2 Dodging
 - Level 1.3 Stealth
 + Level 14.2 Shields
 + Level 0.5 Evocations


You had 15 spell levels left.
You didn't know any spells.
Your spell library was empty.

Dungeon Overview and Level Annotations

Branches:
Dungeon (15/15)            Temple (0/1) D:5            Lair (6/6) D:9
 Shoals (0/4) Lair:3        Snake (2/4) Lair:3        Slime (0/5) Lair:6
    Orc (2/2) D:12            Elf (0/3) Orc:2        Vaults (0/5) D:13
  IceCv (visited)
 Depths: D:15

Altars:
Ashenzari
Dithmenos
Fedhas
Kikubaaqudgha
Nemelex Xobeh
Okawaru
Qazlal
Trog
Uskayaw
Vehumet
Wu Jian
Xom
Yredelemnul
Zin
The Shining One
Beogh
Jiyva

Shops:
D:14 !   Orc:1 }   Orc:2 =:=*

Annotations:
Snake:2 Vashnia


Innate Abilities, Weirdness & Mutations

You reflexively headbutt those who attack you in melee.
You have a pair of horns on your head.


Message History

The black mamba bites you but does no damage. x2
The anaconda barely misses you. You furiously retaliate!
You headbutt the anaconda. The anaconda constricts you.
You hear a shout!
You feel better.
The black mamba bites you but does no damage.
You block the black mamba's attack. x2
The naga ritualist gestures at you while chanting.
You feel yourself grow more vulnerable to poison.
The anaconda barely misses you.
* * * LOW HITPOINT WARNING * * *
The anaconda constricts you. The black mamba bites you!
* * * LOW HITPOINT WARNING * * *
The black mamba bites you.
* * * LOW HITPOINT WARNING * * *
The black mamba completely misses you.
The naga sharpshooter mumbles some strange words.
The naga sharpshooter magically shoots a bolt.
The bolt hits you!!
You die...

# ###
#.###.#####
#...N.S...###
#..S@S!N...#
#...S.S###...
#.....#..
#.N........
#.S.... ...#
#.NN..S..#..#
.N........
?..#
....#....##
#..


You could see Vashnia, 3 naga sharpshooters, a salamander, an anaconda, a naga
ritualist, 5 black mambas and a ball python.

Vanquished Creatures
  Rupert (Lair:3)
  A fire giant (D:14)
  An orc warlord (Orc:2)
  The ghost of KyoPewz the Fencer, a journeyman DsGl of Qazlal (Snake:1)
  A stone giant (Orc:1)
  A dire elephant (Lair:6)
  The ghost of Mioxad the Grappler, a journeyman TrNe of Makhleb (Lair:2)
  The ghost of Clowwww the Cleaver, a journeyman DsGl of Okawaru (Orc:2)
  4 vault guards (D:13)
  A fire dragon (D:14)
  Harold (D:11)
  3 ice dragons
  Fannar (Lair:1)
  2 catoblepae (Lair:6)
  5 naga warriors
  6 hydras
  2 anacondas
  6 centaur warriors
  A deep troll shaman (Lair:6)
  8 two-headed ogres
  A dancing weapon (Snake:1)
  A tengu warrior (D:15)
  3 death yaks (Lair:6)
  A naga sharpshooter (Snake:1)
  A shock serpent (Snake:1)
  An unseen horror (D:14)
  9 skeletal warriors
  2 naga ritualists (Snake:1)
  A wolf spider zombie (D:15)
  4 orc knights
  9 ugly things
  2 deep elf magi
  5 mana vipers (Snake:1)
  3 cyclopes
  4 orc sorcerers
  5 manticores
  2 salamanders
  A salamander (shapeshifter) (D:14)
  Maurice (D:10)
  15 black mambas
  A moth of wrath (shapeshifter) (D:15)
  2 ice statues (IceCv)
  3 naga magi
  8 spiny frogs
  3 gargoyles
  22 elephants
  An efreet (D:13)
  2 kobold demonologists
  3 yaktaurs (D:15)
  3 rime drakes
  11 komodo dragons
  A meliai (D:13)
  A queen bee (D:11)
  4 polar bears
  5 trolls
  A hornet (shapeshifter) (D:15)
  Grinder (D:3)
  A hornet (D:15)
  15 blink frogs
  A meliai zombie (D:13)
  3 slime creatures (D:13)
  14 hippogriffs
  Sigmund (D:5)
  A shadow (D:15)
  2 water elementals (D:14)
  A wraith (D:11)
  A basilisk (D:9)
  2 hogs (Snake:2)
  24 yaks
  A fire bat (shapeshifter) (D:15)
  6 fire bats (D:7)
  3 wyverns
  2 hungry ghosts
  A hog (shapeshifter) (D:15)
  A steam dragon (D:12)
  2 wargs
  11 nagas
  2 soldier ants
  2 acid dragons
  7 water moccasins
  A hell hound (D:7)
  3 sky beasts
  6 porcupines
  A hornet zombie (D:10)
  17 ice beasts
  28 orc warriors
  A necrophage (D:10)
  10 ogres
  3 black bears
  3 phantoms (D:9)
  27 centaurs
  An eye of draining (D:8)
  15 wolves
  16 crocodiles
  5 big kobolds
  A gnoll sergeant (D:9)
  24 bullfrogs
  A wyvern skeleton (D:14)
  3 scorpions
  A water moccasin skeleton (D:10)
  29 killer bees
  10 wights
  An electric eel (D:14)
  7 crimson imps
  6 howler monkeys
  A centaur zombie (D:10)
  2 bullfrog zombies
  A quasit (D:15)
  12 orc priests
  12 hounds
  3 jellies
  35 orc wizards
  3 bullfrog skeletons
  7 centaur skeletons
  2 iguanas
  15 worker ants
  A killer bee zombie (D:8)
  A hound zombie (D:10)
  A hound skeleton (D:11)
  6 gnolls
  13 adders
  3 shadow imps
  An adder skeleton (D:9)
  2 worms (D:5)
  A dart slug (D:2)
  4 leopard geckos
  91 orcs
  10 bats
  5 giant cockroaches
  6 goblins
  2 hobgoblins
  8 jackals
  4 quokkas
  5 ball pythons
  6 frilled lizards
  2 gnoll zombies (D:3)
  30 kobolds
  A quokka zombie (D:7)
  4 rats
  3 fungi
  6 plants
824 creatures vanquished.

Vanquished Creatures (collateral kills)
  Kirke (Snake:2)
  Aizul (Snake:1)
  A naga warrior (Snake:2)
  A two-headed ogre (Orc:2)
  2 orc knights (Orc:2)
  A guardian serpent (Snake:2)
  A salamander (Snake:2)
  A naga mage (Snake:2)
  A troll (Orc:1)
  A yak (D:9)
  A warg (Orc:1)
  2 nagas (Snake:2)
  2 ice beasts (IceCv)
  10 orc warriors
  A wolf (Lair:3)
  4 centaurs (Orc:2)
  3 ogres
  5 orcs
39 creatures vanquished.

Vanquished Creatures (others)
  A naga mage (Snake:2)
  6 fungi
  8 plants
15 creatures vanquished.

Grand Total: 878 creatures vanquished

Notes
Turn   | Place    | Note
-------+----------+-------------------------------------------
     0 | D:1      | Erymatos the Minotaur Berserker began the quest for the
                  | Orb.
     0 | D:1      | Reached XP level 1. HP: 19/19 MP: 0/0
   173 | D:1      | Reached XP level 2. HP: 27/27 MP: 1/1
   279 | D:1      | Reached skill level 4 in Axes
   928 | D:2      | Found a shattered altar of Ashenzari.
   981 | D:2      | HP: 1/40 [leopard gecko (4)]
   983 | D:2      | Reached XP level 3. HP: 2/33 MP: 2/2
  1418 | D:2      | Reached ** piety under Trog
  1717 | D:2      | Noticed a centaur
  1723 | D:2      | Killed a centaur
  1723 | D:2      | Reached skill level 5 in Axes
  1723 | D:2      | Reached XP level 4. HP: 29/41 MP: 3/3
  1723 | D:2      | Reached XP level 5. HP: 33/47 MP: 4/4
  2047 | D:3      | Found an ancient bone altar of Kikubaaqudgha.
  2153 | D:3      | Reached skill level 5 in Fighting
  2485 | D:3      | Noticed Grinder
  2497 | D:3      | Killed Grinder
  2497 | D:3      | Reached skill level 6 in Axes
  2497 | D:3      | Reached skill level 1 in Stealth
  2497 | D:3      | Reached XP level 6. HP: 42/56 MP: 5/5
  2689 | D:3      | Found a basalt altar of Yredelemnul.
  3395 | D:4      | Noticed a hippogriff
  3406 | D:4      | Killed a hippogriff
  3406 | D:4      | Reached *** piety under Trog
  3406 | D:4      | Reached skill level 7 in Axes
  3406 | D:4      | Reached XP level 7. HP: 31/62 MP: 6/6
  4249 | D:5      | Entered Level 5 of the Dungeon
  4265 | D:5      | Reached skill level 8 in Axes
  4292 | D:5      | Reached skill level 5 in Armour
  4292 | D:5      | Reached XP level 8. HP: 70/71 MP: 7/7
  4552 | D:5      | Found a staircase to the Ecumenical Temple.
  4756 | D:5      | Noticed Sigmund
  4764 | D:5      | Killed Sigmund
  4764 | D:5      | Reached skill level 5 in Dodging
  5254 | D:6      | Found a shadowy altar of Dithmenos.
  5455 | D:6      | Found a bloodstained altar of Trog.
  5455 | D:6      | Found an ornate altar of the Wu Jian Council.
  5650 | D:6      | Reached skill level 9 in Axes
  5938 | D:6      | Reached XP level 9. HP: 79/79 MP: 8/8
  5956 | D:6      | Found a glowing golden altar of the Shining One.
  6234 | D:6      | Reached skill level 10 in Axes
  6236 | D:6      | Reached **** piety under Trog
  6573 | D:7      | Found an iron altar of Okawaru.
  6759 | D:7      | Found a blossoming altar of Fedhas.
  6887 | D:7      | Reached skill level 11 in Axes
  7069 | D:7      | Got a translucent ring mail
  7080 | D:7      | Identified the cursed +1 ring mail of the Game Afoot {rF+
                  | Dex+4} (You found it on level 7 of the Dungeon)
  7261 | D:7      | Found a transporter.
  7300 | D:7      | Found a transporter.
  7307 | D:7      | Reached skill level 12 in Axes
  7310 | D:7      | Reached XP level 10. HP: 89/89 MP: 9/9
  7311 | D:7      | Reached ***** piety under Trog
  7527 | D:7      | Identified a +1 pair of boots of running (You found it on
                  | level 7 of the Dungeon)
  7703 | D:7      | Found a hide-covered altar of Uskayaw.
  7892 | D:8      | Found a stormy altar of Qazlal.
  8077 | D:8      | Found a radiant altar of Vehumet.
  8079 | D:8      | Found a sparkling altar of Nemelex Xobeh.
  8506 | D:8      | Noticed a manticore
  8516 | D:8      | Killed a manticore
  8516 | D:8      | Reached skill level 13 in Axes
  9118 | D:9      | Noticed an elephant
  9139 | D:9      | Killed an elephant
  9140 | D:9      | Received a gift from Trog
  9282 | D:9      | Found a staircase to the Lair.
  9636 | D:9      | Noticed a two-headed ogre
  9645 | D:9      | Killed a two-headed ogre
  9745 | D:10     | Entered Level 10 of the Dungeon
  9771 | D:10     | Reached XP level 11. HP: 99/99 MP: 10/10
  9806 | D:10     | Reached skill level 14 in Axes
  9847 | D:10     | Noticed a two-headed ogre
  9857 | D:10     | Killed a two-headed ogre
  9857 | D:10     | Reached skill level 10 in Fighting
  9857 | D:10     | Reached skill level 1 in Shields
 10240 | D:10     | Noticed Maurice
 10266 | D:10     | Killed Maurice
 10762 | D:11     | Received a gift from Trog
 10840 | D:11     | Noticed Harold
 10851 | D:11     | Killed Harold
 10956 | D:11     | Found a shimmering altar of Xom.
 10957 | D:11     | Found a shimmering altar of Xom.
 10983 | D:11     | Noticed a two-headed ogre
 10989 | D:11     | Killed a two-headed ogre
 11190 | D:11     | Reached skill level 15 in Axes
 11335 | D:11     | Noticed a two-headed ogre
 11342 | D:11     | Killed a two-headed ogre
 11872 | D:11     | Noticed a brown ugly thing
 11875 | D:11     | Noticed a four-headed hydra
 11885 | D:11     | Killed a brown ugly thing
 11888 | D:11     | Killed a ten-headed hydra
 11888 | D:11     | Reached XP level 12. HP: 76/110 MP: 11/11
 12443 | Lair:1   | Entered Level 1 of the Lair of Beasts
 12744 | Lair:1   | Reached skill level 5 in Shields
 12760 | Lair:1   | Found an ancient bone altar of Kikubaaqudgha.
 12791 | Lair:1   | Noticed Fannar
 12801 | Lair:1   | Killed Fannar
 13086 | Lair:1   | Reached skill level 16 in Axes
 13771 | Lair:2   | Found a runed translucent door.
 13774 | Lair:2   | Noticed Mioxad's ghost (journeyman TrNe)
 14104 | Lair:2   | Killed Mioxad's ghost
 14104 | Lair:2   | Reached skill level 10 in Armour
 14200 | Lair:3   | Noticed Rupert
 14224 | Lair:3   | Killed Rupert
 14534 | Lair:3   | Received a gift from Trog
 14983 | Lair:3   | Found a staircase to the Shoals.
 15145 | Lair:3   | Noticed a five-headed hydra
 15155 | Lair:3   | Killed a ten-headed hydra
 15282 | Lair:3   | Found a staircase to the Snake Pit.
 15292 | Lair:3   | Reached XP level 13. HP: 114/119 MP: 12/12
 16096 | Lair:4   | Reached skill level 17 in Axes
 16164 | Lair:4   | Found a glowing silver altar of Zin.
 16647 | Lair:5   | Found a frozen archway.
 16676 | IceCv    | Entered an ice cave
 16716 | IceCv    | Received a gift from Trog
 17061 | IceCv    | Got a scintillating lapis lazuli ring
 17069 | IceCv    | Got a vibrating golden ring
 17208 | IceCv    | Identified the ring "Lobboim" {Fire rPois MR+ Stlth-} (You
                  | found it in an ice cave)
 17210 | IceCv    | Identified the ring of Autumn {Ice rN++ Dex-4} (You found
                  | it in an ice cave)
 17814 | Lair:6   | Entered Level 6 of the Lair of Beasts
 18270 | Lair:6   | Found a viscous altar of Jiyva.
 18271 | Lair:6   | Found a staircase to the Slime Pits.
 18302 | Lair:6   | Reached XP level 14. HP: 132/132 MP: 13/13
 18552 | Lair:6   | Got a jewelled chain mail
 18557 | Lair:6   | Got a translucent plate armour
 18595 | Lair:6   | Reached skill level 10 in Shields
 18631 | Lair:6   | Identified the cursed +1 chain mail of Gravitas {Int+3}
                  | (You found it on level 6 of the Lair of Beasts)
 18642 | Lair:6   | Identified the +0 plate armour "Lanno" {rF+ rC+ MP+9} (You
                  | found it on level 6 of the Lair of Beasts)
 19253 | Lair:6   | Reached skill level 18 in Axes
 19424 | Lair:6   | Found the +0 staff of Battle
 20179 | D:12     | Found a staircase to the Orcish Mines.
 20636 | Orc:1    | Entered Level 1 of the Orcish Mines
 20636 | Orc:1    | Found Fotepn's Gadget Shoppe.
 20644 | Orc:1    | Received a gift from Trog
 20687 | Orc:1    | Noticed a stone giant
 20698 | Orc:1    | Killed a stone giant
 21546 | Orc:1    | Reached skill level 15 in Fighting
 22026 | Orc:2    | Entered Level 2 of the Orcish Mines
 22057 | Orc:2    | Found a roughly hewn altar of Beogh.
 22090 | Orc:2    | Received a gift from Trog
 22687 | Orc:2    | Found Ecleicoe's Jewellery Shoppe.
 22687 | Orc:2    | Found Qaruokuo's Book Shop.
 22689 | Orc:2    | Found Quckumydgh's Jewellery Boutique.
 22691 | Orc:2    | Found Nadefyle's General Store.
 22698 | Orc:2    | Bought the ring "Affoiqenu" {rElec rN++ MR- MP+9 SInv} for
                  | 758 gold pieces
 22703 | Orc:2    | Bought a scroll of remove curse for 45 gold pieces
 22703 | Orc:2    | Bought a scroll of magic mapping for 52 gold pieces
 22703 | Orc:2    | Bought a scroll of identify for 30 gold pieces
 22826 | Orc:2    | Found a transporter.
 22829 | Orc:2    | Noticed Clowwww's ghost (journeyman DsGl)
 22832 | Orc:2    | Identified the +3 great mace of Zoqecuit {elec, Dex+5}
 22832 | Orc:2    | Identified the +10 great mace of Extermination {freeze,
                  | rPois MR+ Str-3}
 22839 | Orc:2    | Found a transporter.
 22851 | Orc:2    | Killed Clowwww's ghost
 23015 | Orc:2    | Noticed an orc warlord
 23030 | Orc:2    | Killed an orc warlord
 23165 | Orc:2    | Found a staircase to the Elven Halls.
 23389 | Orc:2    | Bought a +6 ring of strength for 819 gold pieces
 23583 | D:13     | Reached XP level 15. HP: 133/141 MP: 14/14
 23921 | D:13     | Found a gate to the Vaults.
 23931 | D:13     | Reached skill level 10 in Dodging
 25332 | D:14     | Found a gate leading to a gauntlet.
 25389 | D:14     | Received a gift from Trog
 25511 | D:14     | Got a buzzing battleaxe {god gift}
 25517 | D:14     | Identified the +8 battleaxe "Egom" {vorpal, rPois Str+3
                  | Int+5} (Trog gifted it to you on level 14 of the Dungeon)
 25990 | D:14     | Reached skill level 19 in Axes
 26084 | D:14     | Noticed a fire giant
 26089 | D:14     | Killed a fire giant
 26471 | D:14     | Found Rytetit's Distillery.
 26529 | D:14     | Bought a potion of heal wounds for 65 gold pieces
 26529 | D:14     | Bought a potion of haste for 130 gold pieces
 26633 | D:15     | Entered Level 15 of the Dungeon
 27983 | Snake:1  | Entered Level 1 of the Snake Pit
 28134 | Snake:1  | Reached XP level 16. HP: 152/152 MP: 15/15
 28411 | Snake:1  | Found a runed translucent door.
 28412 | Snake:1  | Found a shimmering altar of Xom.
 28412 | Snake:1  | Identified the +9 dire flail of the Eleven Emperors {chaos,
                  | +Rage MR+}
 28412 | Snake:1  | Noticed KyoPewz's ghost (journeyman DsGl)
 28585 | Snake:1  | Found a hide-covered altar of Uskayaw.
 29081 | Snake:1  | Killed KyoPewz's ghost
 29159 | Snake:1  | Received a gift from Trog
 29224 | Snake:2  | Noticed Kirke
 29244 | Snake:2  | Killed Kirke
 29247 | Snake:2  | Noticed Aizul
 29265 | Snake:1  | Killed Aizul
 29462 | Snake:2  | Noticed Vashnia
 29464 | Snake:2  | Shot with a bolt by a naga sharpshooter

Illustrated notes

Levels and vault maps discovered:
D:1:      roderic_crossed_star, layout_basic, minmay_misc_feat_diagonals
D:2:      layout_rooms, evilmike_ruin_ashenzari, serial_curves, eino_curves_02,
          eino_curves_01, eino_curves_01
D:3:      layout_loops_corners, kiku_gazebo_garden_becter,
          lemuel_zombie_altar_yredelemnul, uniq_grinder
D:4:      layout_rooms, first_ration
D:5:      layout_loops_cross, minmay_temple_entry_glassed_door, uniq_sigmund
D:6:      layout_loops_ring, nicolae_overflow_hidden_temple,
          grunt_dithmenos_smoke, lemuel_coloured_pillars_altar,
          kennysheep_doodads
D:7:      gammafunk_cloud_chamber, layout_loops_ring, okawaru_gym_becter,
          marbit_many_paths, kennysheep_mini_moat
D:8:      layout_loops_corners, grunt_temple_overflow_open, basic_altar
D:9:      layout_long_grid, david_lair_generic
D:10:     layout_basic, kennysheep_small_circle, uniq_maurice
D:11:     layout_long_grid, david_nohive_1, xom_shifter_show, uniq_harold
D:12:     layout_irregular_city, orc_0_dummy, serial_rivers,
          chequers_serial_rivers_small_a, chequers_serial_rivers_micro_c,
          chequers_serial_rivers_small_b, chequers_serial_rivers_room_b,
          chequers_serial_rivers_room_a
D:13:     layout_cave_pods, lightli_vaults_fourway_checkpoint
D:14:     minmay_opposing_rooms, layout_basic, gauntlet_entry_generic,
          serial_shops, nicolae_shop_behind_doors, serial_bayou,
          serial_bayou_lake_a, serial_bayou_pond_c, serial_bayou_pond_d,
          serial_bayou_pond_d, hangedman_decor_clover_reticule,
          lemuel_another_geyser
D:15:     hangedman_depths_entry_try_elsewhere_first, layout_rooms,
          grunt_decor_one_mirror, minmay_bent, uniq_jorgrun
Lair:1:   layout_loops_ring, basic_altar, lemuel_fruit_tree, uniq_fannar
Lair:2:   layout_regular_city, hellmonk_ghost_happy_afterlife
Lair:3:   beast_lair_carwin_large_2, layout_concentric_octagons,
          minmay_shoals_entry_beasts, dummy_snake_entry,
          cheibrodos_lair_reptile_den, uniq_rupert
Lair:4:   layout_big_grid, basic_altar, grunt_megastairs_1
Lair:5:   layout_regular_city, portal_ice_cave_entry_animals_and_master
Lair:6:   grunt_lair_end_beastmaster, layout_regular_city, slime_altar_1,
          serial_bayou_shore_b
Snake:1:  nicolae_snake_nest, layout_gridlike, ebering_ghost_xom, basic_altar,
          serial_bayou_pond_c
Snake:2:  skrybe_snakes_to_sticks, layout_onion_interference,
          grunt_ministairs_3, hangedman_snake_corridor_cut, uniq_kirke,
          uniq_aizul, uniq_vashnia
Orc:1:    cheibrodos_orc_arena, layout_diamond_mine, serial_shops,
          nicolae_shop_trees
Orc:2:    st_orc_rangers, layout_caves, gammafunk_ghost_smash, mines1_david

Skill      XL: |  1  2  3  4  5  6  7  8  9 10 11 12 13 14 15 16 |
---------------+-------------------------------------------------+-----
Axes           | 4 5 6 7 8 9 12 13 15 16 17 18 19 | 19.9
Fighting       | 4 5 6 7 8 9 11 12 14 15 16 17 | 17.2
Armour         | 3 5 6 8 9 10 11 12 13 | 13.8
Dodging        | 3 4 5 6 7 8 9 10 | 10.2
Stealth        | 1 |  1.3
Shields        | 4 7 9 12 13 14 | 14.2
Evocations     | |  0.5

Action                   |  1- 3 |  4- 6 |  7- 9 | 10-12 | 13-15 | 16-18 || total
-------------------------+-------+-------+-------+-------+-------+-------++-------
Melee: Hand axe          |    74 |    84 |   334 |   170 |       |       ||   662
       Headbutt          |     7 |    11 |    69 |   133 |   263 |    32 ||   515
       War axe           |       |       |       |   361 |   770 |       ||  1131
       Broad axe         |       |       |       |       |   119 |   163 ||   282
       Battleaxe         |       |       |       |       |   117 |       ||   117
       Unarmed           |       |       |       |       |       |     2 ||     2
Invok: Berserk           |     2 |     1 |     4 |     8 |    13 |     2 ||    30
       Trog's Hand       |       |       |       |     2 |     7 |     2 ||    11
       Brothers in Arms  |       |       |       |     2 |     8 |     4 ||    14
Evoke: Tin of tremorston |       |       |       |       |     1 |       ||     1
  Use: Scroll            |       |       |     2 |    15 |    10 |     3 ||    30
       Potion            |       |       |       |       |     1 |     3 ||     4
 Stab: Sleeping          |       |       |       |     2 |       |       ||     2
       Distracted        |       |       |       |     1 |       |       ||     1
       Petrified         |       |       |       |       |     4 |       ||     4
       Petrifying        |       |       |       |       |     2 |       ||     2
  Eat: Chunk             |     3 |     4 |    15 |    27 |    55 |     2 ||   106
       Ration            |       |     1 |       |     2 |     1 |     2 ||     6
Armor: Animal skin       |    10 |       |       |       |       |       ||    10
       Ring mail         |     6 |    26 |    39 |   128 |    69 |       ||   268
       Plate armour      |       |       |   115 |       |   222 |    41 ||   378
Dodge: Dodged            |    74 |    54 |   128 |   238 |   315 |    33 ||   842
Block: Kite shield       |       |       |       |   175 |   120 |       ||   295
       Tower shield      |       |       |       |       |   496 |   155 ||   651
